 Dungeon Crawl Stone Soup version 0.16-a0-2989-gec99a28 (webtiles) character file.

133 Gorice the Sneak (level 4, -2/25 HPs)
             Began as a Deep Elf Wanderer on Dec 6, 2014.
             Slain by an orc priest
             ... wielding a +0 flail
              (12 damage)
             ... on level 3 of the Dungeon.
             The game lasted 00:16:23 (2596 turns).

Gorice the Sneak (Deep Elf Wanderer)                Turns: 2596, Time: 00:16:24

Health: -2/25      AC:  4    Str:  7    XL:     4   Next: 94%
Magic:  8/8        EV: 14    Int: 18    God:
Gold:   95         SH:  0    Dex: 16    Spells: 0 memorised, 3 levels left

rFire  . . .     SeeInvis .     a - +2 quarterstaff
rCold  . . .     Clarity  .     c - +0 robe
rNeg   . . .     SustAb   .     (no shield)
rPois  .         Gourm    .     n - +0 helmet
rElec  .         Spirit   .     (no cloak)
rCorr  .         Warding  .     (no gloves)
rMut   .         Stasis   .     g - +0 pair of boots
MR     .....                    (no amulet)
Stlth  +++.......               (no ring)
                                (no ring)

@: not resistant to hostile enchantments, fairly stealthy
A: no striking features
a: no special abilities


You were on level 3 of the Dungeon.
You were not hungry.

You visited 1 branch of the dungeon, and saw 3 of its levels.

You collected 95 gold pieces.

Inventory:

Hand weapons
 a - a +2 quarterstaff (weapon)
 b - a +0 hunting sling
 d - a +0 dagger
 B - a +0 blowgun
Missiles
 i - 43 arrows
 s - 21 poisoned needles
 Z - 78 stones (quivered)
Armour
 c - a +0 robe (worn)
 g - a +0 pair of boots (worn)
 n - a +0 helmet (worn)
Magical devices
 q - a wand of flame (32)
Scrolls
 h - 2 scrolls of magic mapping
 k - a scroll of teleportation
 m - 2 scrolls of remove curse
Potions
 e - a potion of brilliance
 j - a potion of might
 l - a potion of resistance {unknown}
 p - 2 potions of curing
 r - a potion of restore abilities {unknown}
Comestibles
 f - 2 bread rations
 o - 4 fruits
 t - 8 chunks of flesh


   Skills:
 - Level 1.0 Fighting
   Level 1.0(2.2) Polearms
 * Level 4.3(4.4) Staves
 + Level 3.4 Dodging
 - Level 4.8 Stealth
 - Level 1.1 Evocations


You had 3 spell levels left.
You didn't know any spells.

Dungeon Overview and Level Annotations

Branches:
Dungeon (3/15)

Altars:
Dithmenos
Yredelemnul


Message History

You shoot a stone.
The stone hits the orc priest but does no damage.
Firing (i - inventory):
Z - 79 stones (quivered)
Press: ? - help, Shift-Dir - straight line, f/p - orc priest
Aim: an orc priest, wielding a flail and wearing a scale mail You shoot a stone.
The stone hits the orc priest.
The orc priest is moderately wounded.
The orc priest invokes the aid of Beogh against you.
Pain shoots through your body!
a - a +2 quarterstaff (weapon)
You closely miss the orc priest.
The orc priest is moderately wounded.
The orc priest barely misses you.
You hit the orc priest.
The orc priest is heavily wounded.
The orc priest barely misses you.
You hit the orc priest but do no damage.
The orc priest is heavily wounded.
The orc priest hits you with a flail!
You die...

#.#####.######
#............+
#######.###### .#
#.# #.. #.# #o#
#.### ###..# #.#
#.#.#
#....#####.###.#.#
<................#
##.#######)###.#@#
.#.###.# #.# #.#o#
.......#
#.###.#.#.#.#
##.###.#
#.)..((((.(.# ...#
#####.#.#.### ####
#o#.#.# #.#.# #
#### ..#.. ....
#####


You could see an orc priest.

Vanquished Creatures
  Robin (D:2)
  5 adders
  2 worms (D:2)
  3 orcs (D:3)
  2 ball pythons (D:2)
  5 bats
  11 goblins
  10 hobgoblins
  A giant cockroach (D:2)
  4 giant newts
  6 jackals (D:1)
  7 kobolds
  4 rats
61 creatures vanquished.

Notes
Turn   | Place    | Note
--------------------------------------------------------------
     0 | D:1      | Gorice, the Deep Elf Wanderer, began the quest for the Orb.
     0 | D:1      | Gorice set off with: a +2 quarterstaff, 2 potions of curing, a +0 robe, a +0 dagger, a bread ration
     0 | D:1      | Reached XP level 1. HP: 12/12 MP: 2/2
   506 | D:1      | Reached XP level 2. HP: 6/16 MP: 4/4
  1010 | D:2      | Found a shadowy altar of Dithmenos.
  1023 | D:2      | Found a basalt altar of Yredelemnul.
  1074 | D:2      | Noticed Robin
  1089 | D:2      | Killed Robin
  1089 | D:2      | Reached XP level 3. HP: 17/20 MP: 6/6
  1500 | D:2      | Reached XP level 4. HP: 7/25 MP: 8/8
  2596 | D:3      | Slain by an orc priest

Action                   |  1- 3 |  4- 6 || total
-------------------------+-------+-------++-------
Melee: Quarterstaff      |   105 |    34 ||   139
       Dagger            |     6 |       ||     6
 Fire: Hunting sling     |    37 |    55 ||    92
Throw: Stone             |    36 |       ||    36
  Use: Scroll            |     3 |     3 ||     6
       Potion            |     2 |     1 ||     3
 Stab: Sleeping          |     1 |       ||     1
  Eat: Chunk             |     2 |     3 ||     5
